 Dungeon Crawl Stone Soup version 0.25-a0-253-g6f1b5d974a (webtiles) character file.

Game seed: 12319829864562021767, levelgen mode: classic

401 Borgoz the Skirmisher (level 6, -1/40 HPs)
             Began as a Gargoyle Monk on Dec 5, 2019.
             Killed from afar by Sigmund (6 damage)
             ... with a puff of flame
             ... on level 3 of the Dungeon on Dec 6, 2019.
             The game lasted 00:05:05 (3099 turns).

Borgoz the Skirmisher (Gargoyle Monk)               Turns: 3099, Time: 00:05:05

Health: -1/40      AC: 11    Str: 14 (17) XL:     6   Next: 85%
Magic:  6/6        EV: 17    Int:  8 (10) God:
Gold:   119        SH:  0    Dex: 17      Spells: 5/5 levels left

rFire    . . .     SeeInvis .   a - +0 falchion
rCold    . . .     Gourm    .   (no shield)
rNeg     + . .     Faith    .   g - +0 ring mail
rPois    ∞         Spirit   .   (no helmet)
rElec    +         Reflect  .   n - +0 cloak
rCorr    .         Harm     .   (no gloves)
MR       .....                  (no boots)
Stlth    +++.......             l - amulet of the acrobat
HPRegen  0.13/turn              (no ring)
MPRegen  0.10/turn              (no ring)

@: agile
A: negative energy resistance 1, electricity resistance, unbreathing,
petrification resistance, rot immunity, AC +4
a: no special abilities


You were on level 3 of the Dungeon.
You were hungry.

You visited 1 branch of the dungeon, and saw 3 of its levels.

You collected 119 gold pieces.

Inventory:

Hand Weapons
 a - a +0 falchion (weapon)
Armour
 g - a +0 ring mail (worn)
 n - a +0 cloak (worn)
Jewellery
 l - an amulet of the acrobat (around neck)
Wands
 d - a wand of flame (7)
Comestibles
 c - 4 rations


   Skills:
 + Level 4.9 Fighting
 + Level 4.1 Long Blades
 + Level 3.4 Armour
 + Level 3.7 Dodging
 - Level 2.1 Stealth


You had 5 spell levels left.
You didn't know any spells.
Your spell library was empty.

Dungeon Overview and Level Annotations

Branches:
Dungeon (3/15)

Altars:
Vehumet
The Shining One

Annotations:
D:3 Sigmund


Innate Abilities, Weirdness & Mutations

You are resistant to torment.
Your stone body is resilient. (AC +4)
You are immune to poison.
You resist negative energy. (rN+)
You are resistant to electric shocks. (rElec)
You can survive without breathing.
You are immune to petrification.
You are immune to rotting.


Message History

You miss something. You hit something. Something hits you but does no damage.
You feel agile all of a sudden.
You hear some strange, mumbled words.
You are confused.
You barely miss something.
You hear some strange, mumbled words.
Something tries to affect you, but you resist.
You miss something. Something hits you but does no damage.
You closely miss something. Something hits you!
* * * LOW HITPOINT WARNING * * *
Something freezes you.
* * * LOW HITPOINT WARNING * * *
You bump into the rock wall.
You barely miss something.
You feel less confused.
You hear some strange, mumbled words.
A puff of flame appears from out of thin air!
The puff of flame hits you.
You die...

###
#.##############
#..............#
###.############.#
..#.......(.......
#.#..........#####
#{#.######.###
#@#.# ##.#######
#.#.# #..........
#.#.# #......###.
#.#.# #.○°○○.###.
#.#.# #..._.°..#.
#.#.# #..°.☼)#.#.
#.#.# #.. §..#.#.
..#
#.#.####.###.##.#.
....
#.#....#.#..<##.#.


There were no monsters in sight!

Vanquished Creatures
  Grinder (D:3)
  A necrophage (D:2)
  Natasha (thrice) (D:2)
  3 worms (D:2)
  2 leopard geckos
  4 giant cockroaches
  8 goblins
  8 hobgoblins
  6 jackals
  7 kobolds
  A quokka (D:2)
  A ball python (D:2)
  2 bats
  5 frilled lizards
  6 rats
58 creatures vanquished.

Vanquished Creatures (others)
  An orc (D:3)
1 creature vanquished.

Grand Total: 59 creatures vanquished

Notes
Turn   | Place    | Note
-------+----------+-------------------------------------------
     0 | D:1      | Borgoz the Gargoyle Monk began the quest for the Orb.
     0 | D:1      | Reached XP level 1. HP: 14/14 MP: 1/1
   226 | D:1      | Reached XP level 2. HP: 12/19 MP: 2/2
   488 | D:1      | Reached skill level 1 in Armour
   922 | D:2      | Reached XP level 3. HP: 23/23 MP: 3/3
  1240 | D:2      | Noticed a necrophage
  1260 | D:2      | Killed a necrophage
  1260 | D:2      | Reached XP level 4. HP: 16/29 MP: 4/4
  1260 | D:2      | Reached XP level 5. HP: 18/33 MP: 5/5
  1392 | D:2      | Noticed Natasha
  1401 | D:2      | Killed Natasha
  1477 | D:2      | Noticed Natasha
  1486 | D:2      | Killed Natasha
  1515 | D:2      | Noticed Natasha
  1563 | D:2      | Killed Natasha
  1862 | D:2      | Found a glowing golden altar of the Shining One.
  2345 | D:3      | Found a radiant altar of Vehumet.
  2461 | D:3      | Reached XP level 6. HP: 37/39 MP: 6/6
  2520 | D:3      | Noticed Grinder
  2530 | D:3      | Paralysed by Grinder for 3 turns
  2553 | D:3      | Paralysed by Grinder for 6 turns
  2563 | D:3      | Paralysed by Grinder for 2 turns
  2569 | D:3      | Paralysed by Grinder for 6 turns
  2577 | D:3      | Paralysed by Grinder for 4 turns
  2598 | D:3      | Paralysed by Grinder for 5 turns
  2606 | D:3      | Killed Grinder
  3068 | D:3      | Noticed Sigmund
  3099 | D:3      | Killed from afar by Sigmund

Levels and vault maps discovered:
D:1:      minmay_arrival_up_and_down, layout_loops_cross
D:2:      layout_basic, tso_oasis_becter, uniq_natasha
D:3:      layout_basic, fiery_altar_vehumet, uniq_grinder, uniq_sigmund

Skill      XL: |  1  2  3  4  5  6 |
---------------+-------------------+-----
Armour         | 1 2 3 |  3.4
Long Blades    | 3 4 |  4.1
Fighting       | 4 |  4.9
Dodging        | 3 |  3.7
Stealth        | |  2.1

Action                   |  1- 3 |  4- 6 || total
-------------------------+-------+-------++-------
Melee: Falchion          |   136 |   170 ||   306
Evoke: Wand              |       |     8 ||     8
  Use: Potion            |       |     7 ||     7
       Scroll            |       |     3 ||     3
  Eat: Chunk             |     1 |     6 ||     7
Armor: Robe              |    10 |       ||    10
       Ring mail         |    44 |    64 ||   108
       Skin              |       |     2 ||     2
Dodge: Dodged            |    96 |    90 ||   186
       Rpst.: Falchion   |    31 |    32 ||    63

Table legend:
 A = Non-vault XP
 B = Vault XP
 C = Vault XP percentage of total XP
 D = Non-vault monster count
 E = Vault monster count
 F = Vault count percentage of total count
                 A         B        C        D         E       F
            +---------+---------+-------+---------+---------+-------
      Total |     295 |     279 |  48.6 |      56 |       2 |   3.4
            +---------+---------+-------+---------+---------+-------
        D:1 |      30 |       0 |   0.0 |      19 |       0 |   0.0
        D:2 |     251 |      35 |  12.2 |      29 |       1 |   3.3
        D:3 |      14 |     244 |  94.6 |       8 |       1 |  11.1
            +---------+---------+-------+---------+---------+-------
